Map: 2000 Atmospheres LE

Players

MaxPax

  • Race: Protoss Protoss

HeroMarine - Winner!

  • Race: Terran Terran

Event: DreamHack SC2 Masters 2021 Winter

VOD

Have the link to the VOD?

Description

Time

  • Played on: Oct. 10, 2021, 2:37 p.m.
  • Length: 8:37

All games in this series

Show
View Real Time Build Order
Export as new Build Order

MaxPax Protoss 

Build Orders: 1 Gate Expand, Blink Stalkers 

Get SALT Encoding   

  12  0:00  Probe  
  13  0:12  Probe  
  14  0:16  Pylon  
  14  0:24  Probe (Chrono Boost)  
  16  0:36  Gateway, Probe (Chrono Boost)  
  16  0:43  Probe (Chrono Boost)  
  16  0:46  Assimilator  
  17  0:51  Probe  
  18  1:03  Probe  
  19  1:15  Probe  
  20  1:23  Cybernetics Core  
  20  1:33  Nexus  
  20  1:35  Probe  
  21  1:45  Pylon  
  21  1:48  Probe  
  21  1:52  Assimilator  
  22  2:00  Adept (Chrono Boost), Probe  
  23  2:02  Warp Gate  
  25  2:12  Probe  
  26  2:20  Adept (Chrono Boost)  
  26  2:24  Probe  
  26  2:28  Twilight Council  
  29  2:36  Probe  
  29  2:46  Stalker  
  29  2:48  Probe x2 (Chrono Boost)  
  35  2:59  Probe (Chrono Boost)  
  35  3:01  Probe (Chrono Boost)  
  35  3:02  Blink (Chrono Boost)  
  35  3:04  Probe (Chrono Boost)  
  36  3:09  Probe  
  37  3:15  Probe  
  38  3:21  Probe  
  38  3:22  Gateway  
  39  3:27  Probe  
  39  3:33  Probe  
  41  3:37  Robotics Facility  
  41  3:38  Pylon  
  41  3:39  Probe  
  42  3:46  Probe  
  41  3:51  Probe  
  41  3:53  Pylon  
  41  3:55  Stalker  
  44  3:58  Probe  
  44  4:00  Gateway  
  44  4:02  Gateway  
  45  4:09  Probe  
  46  4:11  Probe  
  46  4:12  Assimilator  
  47  4:17  Stalker  
  47  4:18  Stalker  
  47  4:21  Warp Prism (Chrono Boost)  
  51  4:27  Probe  
  54  4:35  Probe, Pylon  
  55  4:47  Nexus  
  55  4:48  Probe  
  56  4:54  Stalker x2  
  56  4:58  Probe  
  61  5:06  Probe  
  62  5:07  Charge  
  62  5:09  Assimilator  
  62  5:14  Observer (Chrono Boost)  
  62  5:15  Robotics Bay  
  62  5:18  Forge  
  62  5:19  Stalker  
  62  5:20  Stalker  
  67  5:23  Probe  
  69  5:29  Pylon  
  67  5:36  Shield Battery  
  67  5:37  Immortal (Chrono Boost)  
  70  5:49  Stalker, Pylon  
  72  5:54  Stalker  
  72  5:56  Stalker  
  73  5:59  Stalker  
  74  6:09  Shield Battery  
  72  6:13  Disruptor (Chrono Boost)  
  73  6:21  Stalker x3  
  73  6:22  Probe  
  81  6:28  Zealot, Pylon  
  81  6:29  Probe  
  81  6:30  Probe  
  84  6:40  Probe  
  84  6:45  Zealot x3  
  89  6:47  Disruptor  
  90  7:03  Zealot  
  78  7:12  Probe  
  75  7:18  Nexus  
  75  7:19  Stalker x2  
  79  7:25  Colossus (Chrono Boost), Probe  
  84  7:34  Probe  
  85  7:37  Probe  
  86  7:49  Pylon x2  
  86  7:51  Probe x2  
  86  7:53  Pylon  
  86  8:07  Photon Cannon  
  86  8:09  Stalker x4  
  92  8:32  Stalker x3  
Show
View Real Time Build Order
Export as new Build Order

HeroMarine Terran - Winner!

Build Orders: Reaper Expand 

Get SALT Encoding   

  12  0:00  SCV  
  13  0:12  SCV  
  14  0:17  Supply Depot  
  14  0:24  SCV  
  15  0:38  SCV  
  15  0:40  Barracks  
  15  0:42  Refinery  
  16  0:50  SCV  
  17  1:03  SCV  
  18  1:15  SCV  
  19  1:31  Reaper, Orbital Command  
  20  1:44  Command Center  
  20  1:50  Supply Depot  
  20  1:56  SCV  
  21  2:03  Marine  
  21  2:04  Bunker  
  22  2:08  SCV  
  23  2:17  Factory  
  23  2:20  SCV  
  24  2:23  Barracks Reactor  
  24  2:28  Refinery  
  24  2:33  SCV  
  25  2:45  SCV  
  26  2:57  SCV, Orbital Command  
  26  3:02  Starport  
  26  3:05  Marine x2  
  26  3:08  Factory Tech Lab  
  26  3:09  SCV  
  29  3:21  SCV  
  29  3:23  SCV, Marine x2  
  33  3:27  Supply Depot  
  33  3:33  SCV  
  34  3:35  SCV  
  34  3:41  Siege Tank, Marine x2  
  35  3:43  Medivac  
  35  3:45  SCV  
  35  3:47  SCV  
  44  3:54  Supply Depot  
  44  3:57  SCV  
  44  3:59  SCV, Marine x2  
  47  4:09  SCV, Barracks  
  48  4:11  SCV  
  48  4:13  Siege Tank  
  48  4:17  Marine x2  
  52  4:20  Supply Depot  
  52  4:21  Viking  
  52  4:23  SCV  
  57  4:26  SCV  
  57  4:30  Barracks  
  58  4:35  Marine x2  
  60  4:41  Supply Depot  
  60  4:42  SCV x2  
  62  4:47  Siege Tank  
  65  4:55  Marine x2  
  65  4:57  Marine  
  70  5:01  Viking  
  70  5:03  Supply Depot x2  
  70  5:13  SCV x2, Marine x2  
  74  5:15  Marine  
  74  5:16  Marine  
  76  5:25  Siege Tank  
  79  5:28  Engineering Bay  
  79  5:30  SCV  
  79  5:31  SCV, Refinery, Marine x2  
  84  5:36  Barracks Tech Lab  
  84  5:37  Barracks Tech Lab  
  84  5:39  Starport Reactor  
  84  5:42  SCV, Refinery  
  83  5:43  SCV  
  83  5:49  Marine x2  
  85  5:53  Barracks  
  85  5:54  SCV, Barracks  
  85  5:55  SCV  
  86  6:00  Marine x2  
  86  6:01  Stimpack  
  84  6:06  SCV  
  84  6:07  SCV, Marine  
  84  6:10  Marine  
  85  6:14  Bunker  
  85  6:16  Siege Tank  
  85  6:18  Marine x2  
  88  6:21  SCV x2  
  88  6:24  Marine  
  91  6:28  Marine  
  91  6:30  Bunker  
  92  6:33  Medivac  
  94  6:40  Supply Depot, Medivac, Marine x2  
  94  6:42  Marine  
  94  6:43  Barracks Reactor, Barracks Tech Lab  
  94  6:45  SCV  
  94  6:46  Marine  
  99  6:47  SCV  
  94  6:55  Siege Tank  
  94  6:57  Combat Shield  
  94  6:58  Marine x2  
  94  7:00  Marine  
  100  7:03  Marine x2  
  100  7:05  SCV  
  100  7:06  SCV  
  91  7:16  Medivac x2, Marine x2  
  91  7:18  Marine  
  91  7:19  Marine x2  
  99  7:23  Marine  
  98  7:33  Siege Tank  
  98  7:36  Marine  
  104  7:37  Marauder x2, Marine  
  104  7:38  Marauder  
  104  7:39  Concussive Shells  
  104  7:42  Supply Depot  
  106  7:44  Missile Turret, Marine  
  106  7:45  Missile Turret, Marine  
  108  7:53  Marine  
  108  7:55  Marine  
  114  7:58  Marauder x2  
  114  7:59  Marauder  
  114  8:02  Marine  
  114  8:03  Marine  
  114  8:04  Medivac  
  120  8:08  Supply Depot  
  120  8:11  Marine  
  122  8:15  Marine  

Tags
 
Add a new tag
Caveats
  • Supply blocks, unpowered buildings, or Contaminate may cause inaccurate times.
  • Supply counts are checked every 10 seconds.